 Dungeon Crawl Stone Soup version 0.20.1-1-g8b1a95d (webtiles) character file.

86 Reeggar the Cudgeler (level 4, -9/44 HPs)
             Began as a Troll Berserker on Oct 7, 2017.
             Was a Believer of Trog.
             Engulfed by a cloud of flame (26 damage)
             ... on level 2 of the Dungeon.
             The game lasted 00:09:56 (1532 turns).

Reeggar the Cudgeler (Troll Berserker)              Turns: 1532, Time: 00:09:56

Health: -9/44      AC:  5    Str: 26    XL:     4   Next: 27%
Magic:  3/3        EV: 10    Int:  3    God:    Trog [**....]
Gold:   84         SH:  0    Dex:  9    Spells: 3/3 levels left

rFire    . . .     SeeInvis .   a - +0 mace
rCold    . . .     Gourm    +   (no shield)
rNeg     . . .     Faith    .   b - +0 animal skin
rPois    .         Spirit   .   (helmet restricted)
rElec    .         Reflect  .   (no cloak)
rCorr    .         Harm     .   (gloves unavailable)
MR       .....                  (boots unavailable)
Stlth    +.........             (no amulet)
Regen    0.6/turn               i - +4 ring of slaying
MPRegen  0.1/turn               (no ring)

@: no status effects
A: unfitting armour, claws 3, fast metabolism 3, gourmand, regeneration 1,
shaggy fur 1, tough skin 2
a: Berserk, Trog's Hand, Burn Spellbooks, Renounce Religion


You were on level 2 of the Dungeon.
You worshipped Trog.
Trog was pleased with you.
You were not hungry.

You visited 1 branch of the dungeon, and saw 2 of its levels.

You collected 84 gold pieces.

Inventory:

Hand Weapons
 a - a +0 mace (weapon)
Armour
 b - a +0 animal skin (worn)
Jewellery
 i - a +4 ring of slaying (left claw)
Scrolls
 d - 2 scrolls of identify
 h - a scroll of noise {unknown}
 k - a scroll of fear {unknown}
Potions
 e - a potion of agility {unknown}
 l - a potion of brilliance {unknown}
Comestibles
 c - 3 bread rations
 f - 4 chunks of flesh
 g - 8 fruits
 j - a meat ration


   Skills:
 + Level 2.8 Fighting
 + Level 3.8 Maces & Flails
 + Level 2.9 Dodging
 + Level 0.2 Stealth


You had 3 spell levels left.
You didn't know any spells.

Dungeon Overview and Level Annotations

Branches:
Dungeon (2/15)

Altars:


Innate Abilities, Weirdness & Mutations

You are too large for most types of armour.
You have claws for hands.
Your metabolism is lightning-fast.
You like to eat raw meat.
Your natural rate of healing is unusually fast.
You are covered in fur. (AC +1)
You have very tough skin. (AC +2)


Message History

Okay, then.
Some of the chunks of flesh in your inventory have rotted away.
There is a stone staircase leading up here.
There is a stone staircase leading down here.
There is a stone staircase leading down here.
There is a stone staircase leading up here.
Found 7 gold pieces.
You now have 84 gold pieces (gained 7).
Things that are here:
a short sword; 2 inedible chunks of flesh Really walk into a travel-excluded area?
Uppercase [Y]es or [N]o only, please.
Really walk into a travel-excluded area?
Really walk into that cloud of flame?
You are engulfed in blazing flames.
You are engulfed in blazing flames.
Some of the chunks of flesh in your inventory have rotted away.
You are engulfed in blazing flames.
Ouch! That really hurt!
You die...

#.............#######.....
#.#########...# #..... #.#
####...## #(.... #.#
#...)...# ####.. #.#
##.......# #.. #.#
#...###### #.. #.# #§§§#
##. #.# #§§§# #. #.# #§§@#
#. #.#####...# #.
#..§§§..[.. #####.
#..§§§..$).§ #....>
##.§§§.....§§ #.....
#####...#### #..... #§§§#
#####. #§§§# ## #


There were no monsters in sight!

Vanquished Creatures
  Robin (D:2)
  2 adders (D:2)
  A worm (D:2)
  A dart slug (D:1)
  3 leopard geckos
  8 bats
  3 giant cockroaches
  12 goblins
  4 hobgoblins
  3 frilled lizards
  4 kobolds
  5 rats (D:1)
47 creatures vanquished.

Notes
Turn   | Place    | Note
-------+----------+-------------------------------------------
     0 | D:1      | Reeggar the Troll Berserker began the quest for the Orb.
     0 | D:1      | Reached XP level 1. HP: 22/22 MP: 0/0
   225 | D:1      | Reached XP level 2. HP: 29/29 MP: 1/1
   459 | D:1      | Reached skill level 3 in Maces & Flails
  1123 | D:2      | Reached XP level 3. HP: 32/36 MP: 2/2
  1185 | D:2      | Noticed Robin
  1216 | D:2      | Reached ** piety under Trog
  1229 | D:2      | Killed Robin
  1323 | D:2      | Reached XP level 4. HP: 34/44 MP: 3/3
  1532 | D:2      | Engulfed by a cloud of flame

Skill      XL: |  1  2 |
---------------+-------+-----
Maces & Flails | 3 |  3.8
Fighting       | |  2.8
Dodging        | |  2.9
Stealth        | |  0.2

Action                   |  1- 3 |  4- 6 || total
-------------------------+-------+-------++-------
Melee: Mace              |   125 |     9 ||   134
Invok: Berserk           |     1 |       ||     1
  Use: Scroll            |     1 |       ||     1
  Eat: Chunk             |     7 |     2 ||     9
       Bread ration      |     1 |       ||     1
Armor: Animal skin       |    69 |     4 ||    73
Dodge: Dodged            |    95 |     7 ||   102
